 Dungeon Crawl Stone Soup version 0.18-a0-1655-ge2d8d33 (webtiles) character file.

7294 Sargon the Fighter (level 10, -14/107 HPs)
             Began as a Troll Monk on Mar 30, 2016.
             Was an Elder of Yredelemnul.
             Demolished by a white ugly thing (27 damage)
             ... on level 11 of the Dungeon.
             The game lasted 00:35:32 (8529 turns).

Sargon the Fighter (Troll Monk)                     Turns: 8529, Time: 00:35:33

Health: -14/107    AC:  6    Str: 26    XL:     10   Next: 89%
Magic:  13/13      EV: 16    Int:  6    God:    Yredelemnul [****..]
Gold:   510        SH:  2    Dex: 18    Spells: 0 memorised, 9 levels left

rFire  . . .     SeeInvis .       - Unarmed
rCold  . . .     Gourm    +     a - +0 robe
rNeg   . . .     Faith    .     (no shield)
rPois  .         Spirit   .     G - +0 hat
rElec  +         Dismiss  .     P - +0 cloak of Modesty {+Fly rCorr Str+5}
rCorr  +         Reflect  +     (gloves unavailable)
SustAt .         Harm     .     (boots unavailable)
MR     .....     Rnd*Rage +     v - +2 amulet of reflection
Stlth  ++........               n - +3 ring of dexterity
                                y - +2 ring of evasion

@: not resistant to hostile enchantments, unstealthy
A: unfitting armour, claws 3, molten scales 1, berserk 1, deformed body, fast
metabolism 3, gourmand, regeneration 2, shaggy fur 1, electricity resistance,
tough skin 2, evolution 1, subdued magic 1
a: Recall Undead Slaves, Injury Mirror, Animate Dead, Drain Life, Renounce
Religion, Evoke Flight


You were on level 11 of the Dungeon.
You worshipped Yredelemnul.
Yredelemnul was greatly pleased with you.
You were very full.

You visited 1 branch of the dungeon, and saw 11 of its levels.

You collected 862 gold pieces.
You spent 352 gold pieces at shops.

Inventory:

Armour
 a - a +0 robe (worn)
 G - a +0 hat (worn)
 P - the +0 cloak of Modesty (worn) {+Fly rCorr Str+5}
   (You found it on level 11 of the Dungeon)

   It affects your strength (+5).
   It lets you fly.
   It protects you from acid and corrosion.
Jewellery
 d - an uncursed ring of flight
 h - an uncursed amulet of guardian spirit
 n - a +3 ring of dexterity (right claw)
 v - a +2 amulet of reflection (around neck)
 w - an uncursed ring of see invisible
 y - a +2 ring of evasion (left claw)
Wands
 H - a wand of flame (32/48)
 I - a wand of acid (6/15)
 K - a wand of flame (26/48)
 L - a wand of hasting (4/9)
 M - a wand of lightning (7/15)
 N - a wand of disintegration (10/24)
 R - a wand of iceblast (9/15)
 S - a wand of lightning (8/15)
 T - a wand of lightning (4/15)
Scrolls
 e - 2 scrolls of fear
 g - 6 scrolls of identify
 k - 3 scrolls of recharging
 m - 2 scrolls of teleportation
 p - 5 scrolls of fog
 r - 5 scrolls of enchant armour
 s - a scroll of blinking
 u - a scroll of amnesia
 B - 3 scrolls of enchant weapon
 D - 3 scrolls of remove curse
 F - 2 scrolls of immolation {unknown}
Potions
 f - a potion of lignification
 o - a potion of cancellation {unknown}
 q - 2 potions of brilliance
 t - 2 potions of might
 A - a potion of invisibility
 C - a potion of curing
 J - a potion of heal wounds
 O - a potion of magic
Books
 x - a book of Flames

   Spells                             Type                      Level
   a - Flame Tongue                   Conjuration/Fire             1
   b - Throw Flame                    Conjuration/Fire             2
   c - Conjure Flame                  Conjuration/Fire             3
   d - Inner Flame                    Hexes/Fire                   3
   e - Sticky Flame                   Conjuration/Fire             4
   f - Fireball                       Conjuration/Fire             5
 E - a book of Annihilations

   Spells                             Type                      Level
   a - Poison Arrow                   Conjuration/Poison           6
   b - Chain Lightning                Conjuration/Air              8
   c - Lehudib's Crystal Spear        Conjuration/Earth            8
   d - Glaciate                       Conjuration/Ice              9
   e - Fire Storm                     Conjuration/Fire             9
Comestibles
 b - 9 bread rations
 i - 24 fruits
 j - 10 meat rations
 l - 5 beef jerkies
 z - 2 royal jellies
 Q - a slice of pizza


   Skills:
 - Level 9.6 Fighting
 - Level 6.3 Dodging
 - Level 1.1 Stealth
 - Level 9.2 Unarmed Combat
 + Level 6.1 Invocations


You had 9 spell levels left.
You didn't know any spells.

Dungeon Overview and Level Annotations

Branches:
Dungeon (11/15)            Temple (0/1) D:5             Orc (0/2) D:9
   Lair: D:8-11

Altars:
Ashenzari
Dithmenos
Elyvilon
Fedhas
Vehumet
Yredelemnul
The Shining One

Shops:
D:7 *


Innate Abilities, Weirdness & Mutations

You are too large for most types of armour.
You have claws for hands.
Your metabolism is lightning-fast.
You like to eat raw meat.
You heal very quickly.
You are covered in fur (AC +1).
You have very tough skin (AC +2).
You are partially covered in molten scales (AC +1).
You tend to lose your temper in combat.
Armour fits poorly on your strangely shaped body.
You are resistant to electric shocks.
You evolve.
Your spells are a little easier to cast, but a little less powerful.


Message History

You mangle the white ugly thing!!
The white ugly thing is moderately wounded.
Your vampire completely misses something.
Your vampire barely misses something.
The white ugly thing bites you! The white ugly thing freezes you!!
You mangle the white ugly thing!!
The white ugly thing is heavily wounded.
You barely miss the white ugly thing.
The white ugly thing is heavily wounded.
Your vampire hits something.
Your vampire bites something!
Yredelemnul accepts your kill.
You feel a bit more experienced. The white ugly thing bites you!
The white ugly thing freezes you!!
* * * LOW HITPOINT WARNING * * *
Drink which item? (? for menu, Esc to quit)
You feel better. The white ugly thing bites you!
* * * LOW HITPOINT WARNING * * *
The white ugly thing freezes you!!
You die...
Your body rises from the dead as a mindless zombie.

[................ #.
#............... ..
#.............. #.
##.............. ## #.
##..)............
....##.##................
..............#####......
##..#..###..## ##.....
#.....u@.##.# #..#<.
#..#V###.#..# #....# #
#....# #..... ##...#
#..... ##..# #...## ##.#
#...# #.. ....# #..#
#....# ... .....#


You could see a white ugly thing and a friendly vampire (invisible).

Vanquished Creatures
  The ghost of Evashark the Insei, a novice DsMo of Pakellas (D:7)
  2 trolls
  2 two-headed ogres (D:9)
  Prince Ribbit (D:5)
  Grum (D:8)
  Eustachio (D:6)
  A yak (D:9)
  A hippogriff (D:9)
  Menkaure (D:5)
  A warg (D:11)
  2 orc warriors
  A black bear (D:10)
  An eye of draining (D:10)
  An ice beast (D:5)
  2 sky beasts
  9 ogres
  8 wolves
  6 centaurs
  A crocodile (D:10)
  A big kobold (D:9)
  5 giant frogs
  A wyvern zombie (D:7)
  2 scorpions
  3 wights (D:6)
  2 howler monkeys
  4 crimson imps
  A quasit (D:6)
  Crazy Yiuf (D:5)
  4 hounds
  2 giant frog zombies
  3 jellies
  8 orc priests
  A giant frog skeleton (D:4)
  7 orc wizards
  Terence (D:2)
  4 iguanas
  9 worker ants
  A worker ant zombie (D:6)
  10 adders
  3 oozes
  2 worms (D:2)
  2 adder skeletons (D:7)
  4 dart slugs
  7 giant geckos
  54 orcs
  12 bats
  5 giant cockroaches
  8 goblins
  12 hobgoblins
  4 jackals (D:7)
  8 kobolds
  3 quokkas (D:8)
  3 ball pythons
  5 giant newts
  2 rats
  A spectral orc (D:3)
248 creatures vanquished.

Vanquished Creatures (collateral kills)
  An orc warrior (D:10)
  A two-headed ogre (D:11)
  An orc priest (D:10)
  A howler monkey zombie (D:10)
  An adder (D:10)
  3 orcs (D:10)
  3 hobgoblins (D:10)
11 creatures vanquished.

Vanquished Creatures (others)
  3 flying skulls (D:10)
  3 mummies
6 creatures vanquished.

Grand Total: 265 creatures vanquished

Notes
Turn   | Place    | Note
--------------------------------------------------------------
     0 | D:1      | Sargon the Troll Monk began the quest for the Orb.
     0 | D:1      | Reached XP level 1. HP: 22/22 MP: 0/0
   105 | D:1      | Reached XP level 2. HP: 24/29 MP: 1/1
   735 | D:2      | Reached skill level 5 in Unarmed Combat
   735 | D:2      | Reached XP level 3. HP: 36/36 MP: 2/2
  1277 | D:2      | Reached XP level 4. HP: 44/44 MP: 3/3
  1284 | D:2      | Noticed Terence
  1298 | D:2      | Killed Terence
  1730 | D:3      | Reached XP level 5. HP: 50/50 MP: 4/4
  1753 | D:3      | Found a basalt altar of Yredelemnul.
  1761 | D:3      | Became a worshipper of Yredelemnul the Dark
  1761 | D:3      | Reached * piety under Yredelemnul
  1761 | D:3      | Reached ** piety under Yredelemnul
  2131 | D:4      | Noticed an ogre
  2284 | D:4      | Reached XP level 6. HP: 59/59 MP: 5/5
  3327 | D:5      | Entered Level 5 of the Dungeon
  3351 | D:5      | Found a white marble altar of Elyvilon.
  3366 | D:5      | Noticed Menkaure
  3376 | D:5      | Killed Menkaure
  3376 | D:5      | Reached XP level 7. HP: 21/66 MP: 2/6
  3537 | D:5      | Found a shadowy altar of Dithmenos.
  3733 | D:5      | Reached XP level 8. HP: 75/78 MP: 7/7
  3858 | D:5      | Found a shattered altar of Ashenzari.
  3891 | D:5      | Noticed Crazy Yiuf
  3895 | D:5      | Killed Crazy Yiuf
  3923 | D:5      | Found a staircase to the Ecumenical Temple.
  4066 | D:5      | Noticed Prince Ribbit
  4085 | D:5      | Killed Prince Ribbit
  4085 | D:5      | Reached skill level 5 in Fighting
  4117 | D:5      | Found a radiant altar of Vehumet.
  4354 | D:6      | Noticed Eustachio
  4377 | D:6      | Killed Eustachio
  4423 | D:6      | Reached *** piety under Yredelemnul
  4801 | D:7      | Noticed Evashark's ghost (novice DsMo)
  4824 | D:7      | Killed Evashark's ghost
  4824 | D:7      | Reached XP level 9. HP: 56/96 MP: 5/8
  4845 | D:7      | Received a gift from Yredelemnul
  4854 | D:7      | Found Daudilep's Assorted Antiques.
  4862 | D:7      | Bought a glass ring for 160 gold pieces
  4862 | D:7      | Bought a scroll labeled PESUSTR FYTON for 32 gold pieces
  4862 | D:7      | Bought a notched granite ring for 160 gold pieces
  5714 | D:7      | Gained mutation: You are weak. (Str -2) [mutagenic meat]
  5715 | D:7      | Gained mutation: You have sharp toenails. [mutagenic meat]
  5716 | D:7      | Gained mutation: You are robust (+10% HP). [mutagenic meat]
  5717 | D:7      | Lost mutation: You are weak. (Str -2) [mutagenic meat]
  5718 | D:7      | Gained mutation: You are resistant to hostile enchantments. [mutagenic meat]
  5719 | D:7      | Lost mutation: You are resistant to hostile enchantments. [mutagenic meat]
  5776 | D:8      | Noticed Grum
  5795 | D:8      | HP: 4/107 [Grum/spear (11)]
  5799 | D:8      | HP: 1/160 [Grum/spear (2)]
  5809 | D:8      | Gained mutation: You are resistant to electric shocks. [potion of beneficial mutation]
  5813 | D:8      | Lost mutation: You have sharp toenails. [potion of cure mutation]
  5813 | D:8      | Lost mutation: You are robust (+10% HP). [potion of cure mutation]
  5845 | D:8      | Killed Grum
  6182 | D:8      | Found a glowing golden altar of the Shining One.
  6238 | D:8      | Found a blossoming altar of Fedhas.
  6374 | D:9      | Noticed an iron golem
  6375 | D:9      | Noticed an iron golem
  6628 | D:9      | Found a staircase to the Orcish Mines.
  6737 | D:9      | Reached XP level 10. HP: 88/107 MP: 9/9
  7135 | D:9      | Reached skill level 5 in Dodging
  7146 | D:9      | Noticed an iron golem
  7146 | D:9      | Noticed an iron golem
  7169 | D:10     | Entered Level 10 of the Dungeon
  7307 | D:10     | Received a gift from Yredelemnul
  7460 | D:10     | Reached **** piety under Yredelemnul
  7464 | D:10     | Received a gift from Yredelemnul
  7466 | D:10     | Noticed an orc knight
  7608 | D:11     | Got a transparent cloak
  7609 | D:11     | Identified the +0 cloak of Modesty {+Fly rCorr Str+5} (You found it on level 11 of the Dungeon)
  7704 | D:11     | Reached skill level 1 in Invocations
  7818 | D:11     | Received a gift from Yredelemnul
  7859 | D:11     | Noticed a hill giant
  7859 | D:11     | Noticed a hill giant
  7859 | D:11     | Noticed a hill giant
  8055 | D:10     | Reached skill level 5 in Invocations
  8191 | D:10     | Gained mutation: You are partially covered in molten scales (AC +1). [potion of beneficial mutation]
  8224 | D:10     | Received a gift from Yredelemnul
  8506 | D:11     | Gained mutation: Armour fits poorly on your strangely shaped body. [mutagenic meat]
  8507 | D:11     | Gained mutation: Your spells are a little easier to cast, but a little less powerful. [mutagenic meat]
  8508 | D:11     | Gained mutation: You evolve. [mutagenic meat]
  8510 | D:11     | Gained mutation: You tend to lose your temper in combat. [mutagenic meat]
  8520 | D:11     | Noticed a white ugly thing
  8529 | D:11     | Demolished by a white ugly thing

Vault maps used:
D:1:      minmay_arrival_five_plusses
D:2:      first_bread, uniq_terence
D:3:      yredelemnul_forgotten_temple_becter
D:5:      elyvilon_altar_1, lemuel_coloured_pillars_altar,
          minmay_temple_entry_trees, basic_altar, ashenzari_altar_1,
          uniq_prince_ribbit1, uniq_crazy_yiuf_cottage, uniq_menkaure
D:6:      serial_curves, eino_curves_02, eino_curves_01, uniq_eustachio
D:7:      serial_shops, shop
D:8:      kennysheep_mini, kennysheep_little_box, uniq_grum
D:9:      cheibrodos_stairvault_heist, david_orc_3, blue_anna_alchemist
D:10:     cheibrodos_orc_bank, nicolae_tso_swordbearing_angel
D:11:     giant_chief_lemuel, lair_0_dummy, minmay_fire_ice_demons, uniq_urug,
          uniq_psyche

Skill      XL: |  1  2  3  4  5  6  7  8  9 10 |
---------------+-------------------------------+-----
Unarmed Combat | 5 6 7 8 9 |  9.2
Fighting       | 4 8 9 |  9.6
Dodging        | 4 6 |  6.3
Invocations    | 6 |  6.1
Stealth        | |  1.1

Action                   |  1- 3 |  4- 6 |  7- 9 | 10-12 || total
-------------------------+-------+-------+-------+-------++-------
Melee: Unarmed           |   104 |   173 |   278 |   193 ||   748
Invok: Injury Mirror     |       |       |       |     1 ||     1
       Recall Undead Sla |       |       |       |     1 ||     1
  Use: Scroll            |     7 |       |     7 |     2 ||    16
       Potion            |       |       |    11 |     2 ||    13
 Stab: Sleeping          |     4 |     2 |     2 |     1 ||     9
  Eat: Chunk             |    10 |    23 |    40 |    20 ||    93
